 Dungeon Crawl Stone Soup version 0.24-a0-725-gf1a930fc54 (webtiles) character file.

Game seed: 15254134998454260329, levelgen mode: deterministic

1876 Upalonymistrz the Slasher (level 8, -2/61 HPs)
             Began as a Demonspawn Fighter on Sept 30, 2019.
             Was a Believer of Ashenzari.
             Slain by a large abomination (14 damage)
             ... on level 2 of the Abyss on Oct 1, 2019.
             The game lasted 00:43:31 (8349 turns).

Upalonymistrz the Slasher (Demonspawn Fighter)      Turns: 8349, Time: 00:43:32

Health: -2/61      AC:  1    Str: 18    XL:     8   Next: 91%
Magic:  8/8        EV:  6    Int:  6    God:    Ashenzari [**....]
Gold:   563        SH: 10    Dex:  9    Spells: 7/7 levels left

rFire    . . .     SeeInvis .   l - +2 long sword (elec) (curse)
rCold    . . .     Gourm    .   c - +0 shield (curse)
rNeg     . . .     Faith    .   L - +0 plate armour (curse)
rPois    .         Spirit   .   (helmet restricted)
rElec    .         Reflect  .   (no cloak)
rCorr    .         Harm     .   (no gloves)
MR       .....     Rnd*Rage +   C - +0 pair of boots (curse)
Stlth    ..........             (no amulet)
HPRegen  0.20/turn              I - ring of flight (curse)
MPRegen  0.11/turn              (no ring)

@: corroded
A: antennae 2, repulsion field 1, [berserk 2], [blurry vision 3], [clumsy 2],
[deformed body], demonic guardian 2, [dopey 2], [no potion heal 2], rot immunity
a: Curse Item, Scrying, Renounce Religion, Evoke Flight


You were on level 2 of the Abyss.
You worshipped Ashenzari.
Ashenzari was pleased with you.
You were not hungry.

You visited 1 branch of the dungeon, and saw 8 of its levels.
You visited the Abyss 1 time.

You collected 563 gold pieces.

Inventory:

Hand Weapons
 a - a +0 long sword
 k - a +0 quarterstaff of crushing
 l - a cursed +2 long sword of electrocution (weapon)
 y - a +0 trident
 E - a +3 spear of freezing
Missiles
 w - a throwing net (quivered)
Armour
 b - a +0 scale mail
 c - a cursed +0 shield (worn)
 u - a +0 helmet
 x - a +0 naga barding
 C - a cursed +0 pair of boots (worn)
 L - a cursed +0 plate armour (worn)
Jewellery
 r - a cursed ring of teleportation
 I - a cursed ring of flight (left hand)
Wands
 i - a wand of paralysis (4)
 A - a wand of digging (5)
 D - a wand of scattershot (9)
 H - a wand of flame (16)
 J - a wand of acid (11)
Scrolls
 e - 5 scrolls of identify
 g - 2 scrolls of teleportation
 p - a scroll of amnesia
 t - a scroll of random uselessness
 z - 2 scrolls of fear
 B - 2 scrolls of magic mapping
 M - a scroll of immolation {unknown}
Potions
 d - a potion of might
 h - 2 potions of flight
 j - 3 potions of agility {unknown}
 m - 2 potions of haste
 n - a potion of degeneration {unknown}
 o - a potion of curing
 q - 2 potions of ambrosia
 s - 2 potions of lignification
 v - a potion of berserk rage {unknown}
 F - a potion of invisibility {unknown}
 G - 2 potions of heal wounds {unknown}
 K - a potion of mutation {unknown}
Comestibles
 f - 13 rations


   Skills:
 + Level 4.4 Fighting
 * Level 7.1(9.4) Long Blades
 * Level 6.6 Armour
 + Level 1.7 Dodging
 + Level 4.6(6.0) Shields


You had 7 spell levels left.
You didn't know any spells.
Your spell library contained the following spells:

 Spells                   Type           Power        Failure   Level  Hunger
 Animate Skeleton         Necr           N/A          100%        1    ##.....
 Apportation              Tloc           #.....       100%        1    ##.....
 Confusing Touch          Hex            #.....       100%        1    ##.....
 Summon Small Mammal      Summ           #...         100%        1    ##.....


Dungeon Overview and Level Annotations

Branches:
Dungeon (8/15)             Temple (0/1) D:7
   Lair: D:8-11

Altars:
Ashenzari
Hepliaklqana
Kikubaaqudgha
Okawaru
Qazlal
Sif Muna
Trog
Vehumet
Xom

Shops:
D:7 *

Annotations:
D:3 2 transporters


Innate Abilities, Weirdness & Mutations

You have a pair of antennae on your head.
You are surrounded by a mild repulsion field. (EV +2)
A demonic guardian rushes to your aid.
You are immune to rotting.
[You often lose your temper in combat.]
[Scrolls take you much longer to read.]
[You are very clumsy. (Dex -4)]
[Armour fits poorly on your strangely shaped body.]
[You are very dopey. (Int -4)]
[Potions are poor at restoring your health.]


Message History

Your orange demon dies!
You hit the large abomination but do no damage.
The large abomination is moderately damaged.
The kobold throws a poisoned dart.
The poisoned dart hits your soul eater! The large abomination hits you!!
* * * LOW HITPOINT WARNING * * *
Unknown command.
You barely miss the large abomination.
The large abomination is moderately damaged.
The large abomination hits you.
* * * LOW HITPOINT WARNING * * *
Your soul eater hits the large abomination.
Something bites your soul eater. Something claws your soul eater.
Something tramples your soul eater but does no damage.
Your soul eater hits the large abomination but does no damage.
Something bites your soul eater but does no damage.
Something claws your soul eater! Something tramples your soul eater.
Your soul eater holds its ground!
The large abomination hits you!
You die...

**. * , * , * *
#. * ## .# , . #
, ###.#.#*
#..####.KK.# .* *
#### ..#K{K{# .#
*,##.###{.(#{#{.
#* *
.,*##.#..##{##.#
,x.# * , ≈ ##...
#..X3#{# *#, . ,
** ##...#@#.(## ,
* , *
*#......##..#,#,,
#.##..#...##., .,
, ####..#...# ##
* , , *
,###.##### * , ,
*.. #.,,, ,, * *
* , ## .#. *, ,
,* , # . * ,* * ,
,


You could see a large abomination and a friendly soul eater.

Vanquished Creatures
  A hippogriff (D:5)
  An ice beast (D:7)
  An ogre (D:7)
  A sky beast (D:7)
  2 big kobolds
  2 wights (D:6)
  3 crimson imps
  A hound (D:7)
  2 jellies
  2 orc priests
  A bullfrog skeleton (D:7)
  2 iguanas
  An orc wizard (D:7)
  8 worker ants
  A hound skeleton (D:4)
  8 gnolls
  10 adders
  A shadow imp (D:8)
  3 worms
  2 dart slugs (D:1)
  3 leopard geckos
  9 orcs
  6 bats
  4 giant cockroaches
  5 goblins
  6 hobgoblins
  8 jackals
  3 quokkas
  2 ball pythons
  4 frilled lizards
  A jackal skeleton (D:2)
  12 kobolds
  7 rats
123 creatures vanquished.

Vanquished Creatures (collateral kills)
  A rust devil (Abyss:2)
  An orc warrior (D:7)
  An ice beast (D:7)
  An ogre (D:6)
  A centaur (D:5)
  2 wights (D:6)
  An orc wizard (D:7)
  2 orcs
  A jackal (D:4)
  2 kobolds
13 creatures vanquished.

Vanquished Creatures (others)
  A wizard (D:3)
  A quasit (Abyss:2)
2 creatures vanquished.

Grand Total: 138 creatures vanquished

Notes
Turn   | Place    | Note
-------+----------+-------------------------------------------
     0 | D:1      | Upalonymistrz the Demonspawn Fighter began the quest for
                  | the Orb.
     0 | D:1      | Reached XP level 1. HP: 18/18 MP: 1/1
   108 | D:1      | Reached skill level 2 in Long Blades
   155 | D:1      | Gained mutation: A weak demonic guardian rushes to your
                  | aid. [demonic ancestry]
   155 | D:1      | Reached XP level 2. HP: 24/24 MP: 2/2
   238 | D:1      | You fall into a shaft and drop 1 floor!
   302 | D:2      | Gained mutation: You have a pair of small antennae on your
                  | head. [demonic ancestry]
   302 | D:2      | Reached XP level 3. HP: 9/29 MP: 3/3
  1286 | D:2      | Found an iron altar of Okawaru.
  1286 | D:2      | Found a shattered altar of Ashenzari.
  1297 | D:2      | Became a worshipper of Ashenzari the Shackled
  1478 | D:2      | Gained mutation: You are surrounded by a mild repulsion
                  | field. (EV +2) [demonic ancestry]
  1478 | D:2      | Reached XP level 4. HP: 25/35 MP: 4/4
  1977 | D:3      | Found an ancient bone altar of Kikubaaqudgha.
  2376 | D:3      | Reached skill level 3 in Long Blades
  2514 | D:3      | Found a shimmering blue altar of Sif Muna.
  2575 | D:3      | Reached * piety under Ashenzari
  2602 | D:3      | Found a transporter.
  2605 | D:3      | Found a stormy altar of Qazlal.
  2605 | D:3      | Found a transporter.
  2607 | D:3      | Noticed an orc warrior
  2610 | D:3      | Noticed a big kobold
  2812 | D:3      | Gained mutation: You are immune to rotting. [demonic
                  | ancestry]
  2812 | D:3      | Reached XP level 5. HP: 38/41 MP: 5/5
  2840 | D:3      | Found a bloodstained altar of Trog.
  2842 | D:3      | Noticed a wizard
  2847 | D:3      | Killed a wizard
  3017 | D:3      | Found a hazy altar of Hepliaklqana.
  3292 | D:4      | Reached skill level 1 in Dodging
  3530 | D:4      | Reached skill level 4 in Long Blades
  3829 | D:4      | Gained mutation: You have a pair of antennae on your head.
                  | [demonic ancestry]
  3829 | D:4      | Reached XP level 6. HP: 45/47 MP: 6/6
  4081 | D:4      | Found a radiant altar of Vehumet.
  4486 | D:5      | Entered Level 5 of the Dungeon
  4636 | D:5      | Noticed a hippogriff
  4642 | D:5      | Killed a hippogriff
  4642 | D:5      | Gained mutation: A demonic guardian rushes to your aid.
                  | [demonic ancestry]
  4642 | D:5      | Reached XP level 7. HP: 50/53 MP: 7/7
  5279 | D:6      | Found a shimmering altar of Xom.
  5456 | D:6      | Reached skill level 5 in Armour
  5467 | D:6      | Reached skill level 5 in Long Blades
  5471 | D:6      | Reached ** piety under Ashenzari
  5482 | D:6      | Upgraded the game from 0.24-a0-715-g0b739ee41d to
                  | 0.24-a0-725-gf1a930fc54
  6210 | D:7      | Found a staircase to the Ecumenical Temple.
  6414 | D:7      | Reached XP level 8. HP: 58/60 MP: 8/8
  6683 | D:7      | Found Ypnaira's General Store.
  6894 | D:7      | Reached skill level 6 in Long Blades
  7932 | D:8      | Cast into level 2 of the Abyss (big kobold)
  8002 | Abyss:2  | Identified the +1 leather armour of Defiance {rN+ Int+2
                  | Dex+2}
  8009 | Abyss:2  | Noticed a wretched star
  8033 | Abyss:2  | Identified a scroll of acquirement
  8317 | Abyss:2  | Noticed a rust devil
  8324 | Abyss:2  | Killed a rust devil
  8324 | Abyss:2  | Reached skill level 7 in Long Blades
  8335 | Abyss:2  | Noticed a bone dragon
  8335 | Abyss:2  | Noticed a kobold demonologist
  8335 | Abyss:2  | Noticed a kobold demonologist
  8341 | Abyss:2  | Noticed a sun demon
  8349 | Abyss:2  | Slain by a large abomination

Levels and vault maps discovered:
D:1:      ebering_trefoil_twist, layout_basic, st_stairs_1
D:2:      layout_loops_ring, gammafunk_temple_overflow_pools,
          minmay_heptomino_o4
D:3:      layout_basic, lemuel_round_altar, overflow_temple_1_default,
          gammafunk_temple_overflow_arena, nicolae_overflow_crystal_walls,
          first_ration, dk_noncrumbling_4, chequers_serial_rivers_small_b,
          trog_wizard
D:4:      layout_layer_cave, kennysheep_little_box
D:5:      layout_cave_pools
D:6:      layout_loops_corners, xom_teletrap_fun
D:7:      layout_basic, minmay_temple_entry_tees, serial_shops,
          nicolae_shop_statue_plus
D:8:      kennysheep_steamy, layout_basic
Abyss:2

Skill      XL: |  1  2  3  4  5  6  7  8 |
---------------+-------------------------+-----
Long Blades    | 2 3 4 5 7 |  7.1
Armour         | 3 4 5 6 |  6.6
Shields        | 3 4 |  4.6
Dodging        | 1 |  1.7
Fighting       | 4 |  4.4

Action                   |  1- 3 |  4- 6 |  7- 9 || total
-------------------------+-------+-------+-------++-------
Melee: Long sword        |   117 |   127 |   164 ||   408
Invok: Curse Item        |     1 |       |     3 ||     4
  Use: Scroll            |       |     7 |     9 ||    16
       Potion            |       |     1 |     1 ||     2
  Eat: Chunk             |     2 |    10 |    10 ||    22
       Ration            |       |       |     1 ||     1
Armor: Scale mail        |    85 |    45 |    34 ||   164
       Plate armour      |       |       |    16 ||    16
Dodge: Dodged            |    44 |    48 |    48 ||   140
Block: Shield            |    80 |    90 |    71 ||   241
       Rpst.: Long sword |    14 |    19 |    11 ||    44

Table legend:
 A = Non-vault XP
 B = Vault XP
 C = Vault XP percentage of total XP
 D = Non-vault monster count
 E = Vault monster count
 F = Vault count percentage of total count
                 A         B        C        D         E       F
            +---------+---------+-------+---------+---------+-------
      Total |    2674 |       6 |   0.2 |     132 |       4 |   2.9
            +---------+---------+-------+---------+---------+-------
        D:1 |      27 |       3 |  10.0 |      16 |       2 |  11.1
        D:2 |      71 |       3 |   4.1 |      17 |       2 |  10.5
        D:3 |      95 |       0 |   0.0 |      27 |       0 |   0.0
        D:4 |     237 |       0 |   0.0 |      15 |       0 |   0.0
        D:5 |     425 |       0 |   0.0 |       7 |       0 |   0.0
        D:6 |     329 |       0 |   0.0 |      11 |       0 |   0.0
        D:7 |    1072 |       0 |   0.0 |      30 |       0 |   0.0
        D:8 |     106 |       0 |   0.0 |       6 |       0 |   0.0
    Abyss:2 |     312 |       0 |   0.0 |       3 |       0 |   0.0
            +---------+---------+-------+---------+---------+-------
